 Dungeon Crawl Stone Soup version 0.28-a0-1510-gd0f6b136d3 (webtiles) character file.

Game seed: 5574437636499305398

1150 croobank the Sneak (level 8, -3/62 HPs)
             Began as a Human Delver on Jan 14, 2022.
             Was an Initiate of Vehumet.
             Killed from afar by a gargoyle (21 damage)
             ... with a stone arrow
             ... on level 6 of the Dungeon.
             The game lasted 00:22:58 (5778 turns).

croobank the Sneak (Human Delver)                   Turns: 5778, Time: 00:22:58

Health: -3/62      AC:  9    Str: 17    XL:     8   Next: 65%
Magic:  12/12      EV: 13    Int: 12    God:    Vehumet [......]
Gold:   318        SH:  5    Dex: 16    Spells: 11/13 levels left

rFire   . . .      SeeInvis .   a - +0 hand axe
rCold   . . .      Faith    .   (no shield)
rNeg    . . .      Spirit   .   A - +1 ring mail of Dafom {Str+5 Slay+3}
rPois   +          Reflect  +   (no helmet)
rElec   .          Harm     .   (no cloak)
rCorr   .          Rampage  .   h - +0 pair of gloves
Will    .....                   r - +1 pair of boots
Stlth   +++.......              u - amulet of reflection
HPRegen 0.20/turn               j - ring of poison resistance
MPRegen 0.13/turn               (no ring)

@: mighty, hasted, very quick
A: no striking features
a: Renounce Religion


You were on level 6 of the Dungeon.
You worshipped Vehumet.
Vehumet was noncommittal.
You visited 2 branches of the dungeon, and saw 7 of its levels.

You collected 318 gold pieces.

Inventory:

Hand Weapons
 a - a +0 hand axe (weapon)
 b - a +0 hunting sling
 m - a +0 dagger of speed
 F - a +0 war axe
Missiles
 k - 46 sling bullets
 l - 17 poisoned darts (quivered)
 n - 145 stones
 s - 133 arrows
Armour
 h - a +0 pair of gloves (worn)
 r - a +1 pair of boots (worn)
 x - the +1 ring mail of Mule {rF+ Str+3 SInv}
   (You found it on level 2 of the Dungeon)

   Str:       It affects your strength (+3).
   rF:        It protects you from fire.
   SInv:      It lets you see invisible.
 A - the +1 ring mail of Dafom (worn) {Str+5 Slay+3}
   (You found it on level 3 of the Dungeon)

   Str:       It affects your strength (+5).
   Slay:      It affects your accuracy & damage with ranged weapons and melee
   (+3).
Magical Staves
 E - a staff of earth
 G - a staff of fire
Jewellery
 j - a ring of poison resistance (left hand)
 u - an amulet of reflection (around neck)
Wands
 g - a wand of digging (3)
Scrolls
 c - a scroll of fog
 d - a scroll of magic mapping
 e - a scroll of fear
 o - 2 scrolls of enchant weapon
 v - a scroll of amnesia {unknown}
 w - a scroll of enchant armour {unknown}
 y - a scroll of teleportation {unknown}
 C - a scroll of holy word {unknown}
 D - a scroll of vulnerability {unknown}
Potions
 p - 2 potions of curing {unknown}
 q - a potion of resistance {unknown}
 t - a potion of degeneration {unknown}
 z - 2 potions of cancellation {unknown}
 B - a potion of lignification {unknown}
 H - a potion of attraction {unknown}


   Skills:
 + Level 5.3 Fighting
 + Level 4.8 Axes
 + Level 4.7 Dodging
 - Level 5.6 Stealth
 + Level 3.2 Spellcasting
 + Level 3.5 Fire Magic


You had 11 spell levels left.
You knew the following spells:

 Your Spells              Type           Power      Damage    Failure   Level
a - Scorch                Fire           20%        2d6       16%         2

Your spell library contained the following spells:

 Spells                   Type           Power      Damage    Failure   Level
 Pain                     Necr           4%         1d4       41%         1
 Call Canine Familiar     Summ           1%         N/A       80%         3
 Portal Projectile        Hex/Tloc       2%         N/A       80%         3
 Flame Wave               Conj/Fire      6%         2d4       91%         4
 Leda's Liquefaction      Hex/Erth       0%         N/A       99%         4
 Agony                    Necr           1%         N/A       100%        5
 Excruciating Wounds      Necr           0%         N/A       100%        5
 Summon Cactus Giant      Summ           0%         N/A       100%        6


Dungeon Overview and Level Annotations

Branches:
Dungeon (6/15)             Temple (1/1) D:4

Altars:
Ashenzari
Cheibriados
Dithmenos
Elyvilon
Fedhas
Hepliaklqana
Kikubaaqudgha
Makhleb
Nemelex Xobeh
Okawaru
Qazlal
Ru
Sif Muna
Trog
Uskayaw
Vehumet
Wu Jian
Xom
Yredelemnul
Zin
The Shining One


Message History

The black bear bites you but does no damage.
The black bear claws you but does no damage. x2
The gargoyle hurls a stone arrow at you.
The stone arrow misses you.
The black bear bites you but does no damage.
The black bear claws you. The black bear closely misses you.
You feel very mighty all of a sudden. The gargoyle hits you with a +0 mace.
The black bear bites you but does no damage.
You block the black bear's attack. The black bear closely misses you.
You slice the black bear!!
You kill the black bear!
Vehumet accepts your kill.
You hit the gargoyle but do no damage. You block the gargoyle's attack.
You hit the gargoyle but do no damage.
The gargoyle hurls a stone arrow at you.
The stone arrow hits you!
You hit the gargoyle but do no damage.
The gargoyle hurls a stone arrow at you.
The stone arrow hits you!
The gargoyle hurls a stone arrow at you.
The stone arrow misses you.
You hit the gargoyle.
The gargoyle is lightly damaged.
A white imp comes into view.
The gargoyle hits you with a +0 mace.
You feel yourself speed up. The gargoyle closely misses you.
You barely miss the gargoyle.
The gargoyle is lightly damaged.
The white imp shouts, "Fly, thou rank earth-vexing tiler!"
You slash the gargoyle!
The gargoyle is heavily damaged.
The gargoyle hits you with a +0 mace.
* * * LOW HITPOINT WARNING * * *
You closely miss the gargoyle.
The gargoyle is heavily damaged.
You barely miss the white imp.
The gargoyle hurls a stone arrow at you.
The stone arrow hits you!!
You die...

#.........# #.........#
####....###
########....##
#########........)...##
.......................
###...................
####.).................
#.....@................
#....95...............#
#........######........
#........# #..####.#
......###.. #.......<
...##. ... .........
... #. ...# #........
.. #. .#.# #........
#........


You could see a gargoyle and a white imp.

Vanquished Creatures
  2 water moccasins (D:5)
  A black bear (D:6)
  A necrophage (D:5)
  A sky beast (D:5)
  An ogre (D:5)
  3 scorpions
  A centaur zombie (D:5)
  2 jellies (D:5)
  A hound (D:6)
  2 centaur skeletons
  An iguana (D:4)
  An orc wizard (D:5)
  2 hound skeletons (D:4)
  6 adders
  A white imp (D:5)
  3 dart slugs
  5 orcs
  8 ball pythons
  6 endoplasms
  3 giant cockroaches (D:3)
  8 goblins
  4 hobgoblins
  4 jackals (D:3)
  2 quokkas
  6 bats
  2 frilled lizards
  7 kobolds
  9 rats
93 creatures vanquished.

Vanquished Creatures (others)
  18 plants (D:5)
18 creatures vanquished.

Grand Total: 111 creatures vanquished

Notes
Turn   | Place    | Note
-------+----------+-------------------------------------------
     0 | D:5      | croobank the Human Delver began the quest for the Orb.
     0 | D:5      | Reached XP level 1. HP: 18/18 MP: 1/1
     8 | D:5      | Noticed an iguana
    38 | D:4      | Noticed a scorpion
   109 | D:4      | Reached XP level 2. HP: 12/24 MP: 2/2
   396 | D:2      | Reached XP level 3. HP: 26/29 MP: 3/3
  1545 | D:2      | Reached XP level 4. HP: 25/35 MP: 4/4
  1958 | D:2      | Identified the +1 ring mail of Mule {rF+ Str+3 SInv}
  1980 | D:2      | Found a faded altar of an unknown god.
  2478 | D:3      | Found a sparkling altar of Nemelex Xobeh.
  2656 | D:3      | Reached XP level 5. HP: 38/42 MP: 5/5
  2755 | D:3      | Identified the +1 ring mail of Dafom {Str+5 Slay+3}
  3080 | D:3      | Learned a level 2 spell: Scorch
  3527 | D:4      | Found an iron altar of Okawaru.
  3529 | D:4      | Found a shimmering blue altar of Sif Muna.
  3888 | D:4      | Reached XP level 6. HP: 40/48 MP: 5/7
  3891 | D:4      | Reached skill level 1 in Fire Magic
  4087 | D:4      | Found a staircase to the Ecumenical Temple.
  4096 | Temple   | Entered the Ecumenical Temple
  4103 | Temple   | Became a worshipper of Vehumet
  4371 | D:4      | Reached skill level 1 in Spellcasting
  4372 | D:5      | Noticed a necrophage
  4479 | D:5      | Noticed an ogre
  4486 | D:5      | Killed an ogre
  4487 | D:5      | Reached XP level 7. HP: 48/54 MP: 7/9
  4796 | D:5      | Noticed a water moccasin
  4818 | D:5      | Killed a water moccasin
  4925 | D:5      | Reached XP level 8. HP: 60/61 MP: 11/11
  4992 | D:5      | Reached skill level 5 in Fighting
  5765 | D:6      | Noticed a gargoyle
  5778 | D:6      | Killed from afar by a gargoyle

Illustrated notes

Levels and vault maps discovered:
D:1:      arrival_zaba_pyramid, layout_basic
D:2:      layout_basic, chequers_ecumenical_altar_simple_redux
D:3:      layout_basic, nemelex_dance_club_becter
D:4:      layout_loops_corners, chequers_temple_overflow_statue_of_worship,
          minmay_temple_entry_junction
D:5:      layout_rooms, serial_bayou, serial_bayou_shore_a, serial_bayou_pond_b,
          serial_bayou_pond_a, serial_bayou_ford_a, serial_bayou_lagoon_a
D:6:      layout_basic, kennysheep_generic_room_9, uniq_sigmund
Temple:   nicolae_temple_no_exploring_needed

Skill      XL: |  1  2  3  4  5  6  7  8 |
---------------+-------------------------+-----
Axes           | 3 4 |  4.8
Dodging        | 3 4 |  4.7
Fighting       | 4 5 |  5.3
Fire Magic     | 1 2 3 |  3.5
Spellcasting   | 1 2 3 |  3.2
Stealth        | |  5.6

Action                   |  1- 3 |  4- 6 |  7- 9 || total
-------------------------+-------+-------+-------++-------
Melee: Hand axe          |   121 |   165 |   103 ||   389
       Punch             |       |       |     1 ||     1
 Fire: Hunting sling     |     4 |     6 |    10 ||    20
  Use: Scroll            |     1 |     2 |       ||     3
       Potion            |       |     1 |     3 ||     4
 Stab: Sleeping          |    10 |     7 |     1 ||    18
Armor: Leather armour    |    46 |     2 |       ||    48
       Ring mail         |       |    64 |    46 ||   110
Dodge: Dodged            |   104 |    77 |    65 ||   246
Block: Other             |       |    42 |    25 ||    67
       Reflection        |       |     1 |       ||     1

Table legend: (Time is in decaauts)
 A = Elapsed time spent in this place.
 B = Non-inter-level travel time spent in this place.
 C = Inter-level travel time spent in this place.
 D = Time resting spent in this place.
 E = Time spent auto-exploring this place.
 F = Levels seen in this place.
 G = Mean time per level.
                   A        B        C        D        E       F      G
               +--------+--------+--------+--------+--------+-----+--------+
         Total |   5855 |   5744 |    111 |    664 |   3436 |   7 |  836.4 |
       Dungeon |   5840 |   5736 |    104 |    664 |   3436 |   6 |  973.3 |
        Temple |     14 |      7 |      7 |      0 |      0 |   1 |   14.0 |
               +--------+--------+--------+--------+--------+-----+--------+

Top non-repeatable levels by time:
     D:4: 1507 daAuts
     D:3: 1180 daAuts
     D:5: 1079 daAuts
     D:2: 1013 daAuts
     D:1: 986 daAuts
     D:6: 73 daAuts
  Temple: 14 daAuts
